AoeStats
← Sonny

Arabia

509529133Analyzed
3v3 RM · 5d ago on Sep 27, 2026· 66m 48s· 6 players
Game mode
Random Map
Map size
Normal (6 player)
Population
200
Speed
Normal
Resources
Standard
Victory
Conquest
Starting age
Dark Age
Ending age
Imperial Age
RankedLock teamsTeams togetherTeam positionsShared explorationLock speedFull tech treeHidden civsTurbo modeCheats
Victory
Defeat
🇺🇸 Ethiopians · United States
827
+18
🇺🇸 Mongols · United States
821
+18
🇺🇸 Varangians · United States
804
+19
🇦🇷 Goths · Argentina
910
-20
🇹🇼 Turks · Taiwan
876
-19
🇺🇸 Celts · United States
813
-16
lambojimbo
0:40 Loom
10:07 Feudal Age
10:58 Double-Bit Axe
14:38 Horse Collar
19:14 Castle Age
18:50 Stone Mining
20:06 Fletching
31:47 Elite Skirmisher
33:04 Murder Holes
37:38 Wheelbarrow
37:33 Town Watch
38:15 Bodkin Arrow
38:41 Ballistics
41:11 Scale Mail Armor
41:21 Forging
41:17 Stronghold
42:37 Bow Saw
44:10 Hand Cart
45:24 Heavy Plow
Bregman
0:37 Loom
11:09 Feudal Age
11:59 Double-Bit Axe
18:50 Man-at-Arms
23:51 Castle Age
23:41 Stone Mining
25:53 Pikeman
30:16 Scale Mail Armor
29:50 Elite Skirmisher
31:12 Horse Collar
35:03 Bow Saw
38:14 Wheelbarrow
37:41 Heavy Plow
41:16 Forging
41:36 Chain Mail Armor
47:33 Imperial Age
48:31 Gold Mining
49:11 Conscription
50:13 Perfusion
50:34 Hand Cart
50:34 Padded Archer Armor
50:25 Fletching
53:28 Halberdier
53:58 Town Watch
55:30 Elite Huskarl
billzz0982
12:02 Feudal Age
16:26 Castle Age
15:25 Double-Bit Axe
22:51 Imperial Age
21:03 Gold Mining
22:24 Fletching
23:11 Horse Collar
25:24 Padded Archer Armor
32:00 Leather Archer Armor
31:41 Bodkin Arrow
41:30 Wheelbarrow
40:58 Heavy Plow
41:10 Bow Saw
43:36 Ring Archer Armor
43:06 Bracer
Sonny
9:59 Loom
13:03 Feudal Age
15:22 Man-at-Arms
17:55 Horse Collar
23:43 Castle Age
23:14 Town Watch
24:11 Wheelbarrow
24:21 Bloodlines
24:40 Double-Bit Axe
25:02 Heavy Plow
26:15 Town Watch
27:24 Hand Cart
26:39 Pikeman
27:30 Stone Mining
27:53 Gold Mining
34:48 Light Cavalry
46:46 Imperial Age
46:59 Husbandry
49:23 Fervor
49:05 Hussar
52:00 Cavalier
58:28 Scale Barding Armor
58:36 Forging
61:40 Conscription
61:13 Vendel Legacy
63:54 Elite Varangian Guard
64:36 Squires
65:05 Scale Mail Armor
65:26 Chain Barding Armor
Wesley
8:08 Loom
10:26 Feudal Age
11:20 Double-Bit Axe
13:00 Fletching
18:47 Town Watch
19:39 Wheelbarrow
24:02 Castle Age
24:51 Padded Archer Armor
24:51 Crossbowman
25:39 Thumb Ring
26:20 Town Patrol
26:56 Bodkin Arrow
32:53 Leather Archer Armor
38:05 Imperial Age
37:11 Ballistics
37:04 Fortified Wall
37:05 Masonry
37:40 Murder Holes
38:17 Forging
38:08 Scale Mail Armor
39:12 Arbalester
39:13 Elite Skirmisher
40:01 Stone Mining
40:02 Gold Mining
42:49 Iron Casting
42:30 Chain Mail Armor
42:56 Gold Shaft Mining
42:59 Elite Shotel Warrior
44:46 Conscription
45:24 Bracer
46:32 Chemistry
48:40 Blast Furnace
48:11 Ring Archer Armor
48:12 Plate Mail Armor
50:02 Royal Heirs
53:14 Bow Saw
52:54 Horse Collar
55:05 Scale Barding Armor
55:34 Architecture
55:11 Siege Engineers
56:03 Hand Cart
56:56 Stone Shaft Mining
59:25 Torsion Engines
Pseudofinch
4:50 Loom
11:11 Feudal Age
12:08 Double-Bit Axe
14:37 Forging
14:32 Scale Barding Armor
23:11 Castle Age
21:35 Horse Collar
21:59 Padded Archer Armor
22:18 Gold Mining
22:23 Fletching
23:13 Crossbowman
23:59 Thumb Ring
25:22 Gold Shaft Mining
24:52 Bodkin Arrow
28:51 Wheelbarrow
29:02 Bow Saw
31:50 Hand Cart
32:01 Town Watch
32:09 Town Watch
33:33 Ballistics
33:57 Elite Skirmisher
36:29 Leather Archer Armor
36:52 Iron Casting
36:37 Chain Barding Armor
37:39 Bloodlines
36:53 Light Cavalry
42:37 Imperial Age
40:24 Scale Mail Armor
40:18 Man-at-Arms
40:59 Squires
42:17 Heavy Plow
42:44 Stone Mining
43:12 Chain Mail Armor
42:50 Onager
44:14 Bracer
45:15 Blast Furnace
44:45 Plate Mail Armor
45:30 Stone Shaft Mining
45:00 Town Patrol
44:49 Long Swordsman
45:15 Arson
45:59 Two-Handed Swordsman
46:17 Arbalester
49:29 Champion
49:47 Champion
51:51 Conscription
55:02 Chemistry
54:13 Fortified Wall
54:12 Siege Engineers
54:02 Murder Holes
54:18 Masonry
54:09 Siege Onager
62:07 Drill
61:08 Elite Mangudai
65:16 Capped Ram
Connection lost

Rejoining the realm…

Still unreachable

The connection could not be restored.

Session expired

The server has moved on; the page needs a fresh start.